 Dungeon Crawl Stone Soup version 0.31-a0-344-gd109795599 (webtiles) character file.

Game seed: 9441791697723864212

18 GordonOverkill the Trooper (level 2, 0/39 HPs)
             Began as an Armataur Berserker on July 21, 2023.
             Was a Follower of Trog.
             Slain by a hobgoblin (1 damage)
             ... led by Robin
             ... on level 2 of the Dungeon.
             The game lasted 00:01:46 (770 turns).

GordonOverkill the Trooper (Armataur Berserker)      Turns: 770, Time: 00:01:46

Health: 0/39       AC:  4    Str: 22    XL:     2   Next: 51%
Magic:  2/2        EV:  9    Int:  7    God:    Trog [*.....]
Gold:   26         SH:  0    Dex:  9    Spells: 1/1 levels left

rFire   . . .        a - +0 mace
rCold   . . .        (no shield)
rNeg    . . .        b - +0 animal skin
rPois   .            (no helmet)
rElec   .            (no cloak)
rCorr   .            (no gloves)
SInv    .            (no barding)
Will    .....        (no amulet) Stlth
                     (no ring)
HPRegen 0.26/turn    (no ring)
MPRegen 0.08/turn

%: roll
@: berserking, lethally poisoned (0 -> -4), very quick
A: large, rugged brown scales 3, deformed body, armoured tail, roll, long
tongue, awkward tongue
a: Renounce Religion, Berserk


You were on level 2 of the Dungeon.
You worshipped Trog.
Trog was aware of your devotion.
You visited 1 branch of the dungeon, and saw 2 of its levels.

You collected 26 gold pieces.

Inventory:

Hand Weapons
 a - a +0 mace (weapon)
Armour
 b - a +0 animal skin (worn)
Jewellery
 d - a ring of ice
Scrolls
 c - 3 scrolls of identify {unknown}
Potions
 e - a potion of curing {unknown}
 f - a potion of mutation {unknown}


   Skills:
 + Level 2.9 Fighting
 + Level 2.9 Maces & Flails
 + Level 2.8 Armour
 + Level 1.6 Dodging


You had one spell level left.
You didn't know any spells.
Your spell library was empty.

Dungeon Overview and Level Annotations

Branches:
Dungeon (2/15)

Altars:

Shops:
D:1 :

Annotations:
D:2 Robin


Innate Abilities, Weirdness & Mutations

You are completely covered in rugged brown scales. (AC +3, +7% HP)
Armour fits poorly on your strangely shaped body.
You have a long armoured tail.
You roll when moving toward enemies. (Rampage)
Your long tongue fully drains potion bottles. (2x potion effects)
Your tongue gives you trouble enunciating. (1.5x scroll delay)


Message History

* * * LOW HITPOINT WARNING * * *
You barely miss the goblin. The hobgoblin closely misses you.
The orc hits you but does no damage. The goblin hits you with a +0 club.
* * * LOW HITPOINT WARNING * * *
Robin throws the goblin at you!
* * * LOW HITPOINT WARNING * * *
You sock the goblin!
You kill the goblin!
Trog accepts your kill. The orc barely misses you.
The hobgoblin hits you but does no damage.
The goblin closely misses you.
A hobgoblin comes into view.
The goblin barely misses you. Robin throws the goblin at you!
You closely miss the goblin. The orc misses you.
The goblin hits you with a +1 dagger of venom.
* * * LOW HITPOINT WARNING * * *
You are poisoned.
The goblin hits you with a +0 club.
* * * LOW HITPOINT WARNING * * *
You barely miss the orc.
* * * LOW HITPOINT WARNING * * *
You feel sick.
You sock the orc!
You kill the orc!
Trog accepts your kill.
* * * LOW HITPOINT WARNING * * *
You feel sick. The goblin barely misses you.
The goblin hits you but does no damage. Robin throws the goblin at you!
* * * LOW HITPOINT WARNING * * *
You thump the hobgoblin!
You kill the hobgoblin!
Trog accepts your kill.
* * * LOW HITPOINT WARNING * * *
You feel sick. The goblin barely misses you.
A puff of flame appears from out of thin air!
The puff of flame misses you.
The puff of flame hits the goblin!
The goblin dies!
The hobgoblin hits you.
You die...

#...# ###.#
#.#
###.#####.#
#.........#
#.........#
#...#####.#
#)g.# #@g)#
#)).# #)g##
#{.# #.g#
#..# #...
#... #.##


You could see Robin, 2 hobgoblins and a goblin (strong).

Vanquished Creatures
  2 orcs (D:2)
  2 bats (D:1)
  4 goblins (D:2)
  3 hobgoblins
  2 ball pythons (D:1)
  A frilled lizard (D:1)
  A kobold (D:1)
15 creatures vanquished.

Vanquished Creatures (others)
  A goblin (D:2)
1 creature vanquished.

Grand Total: 16 creatures vanquished

Notes
Turn   | Place    | Note
-------+----------+-------------------------------------------
     0 | D:1      | GordonOverkill the Armataur Berserker began the quest for
                  | the Orb.
     0 | D:1      | Reached XP level 1. HP: 19/19 MP: 1/1
    26 | D:1      | Found Weajich's Book Shop.
   700 | D:1      | Found a faded altar of an unknown god.
   754 | D:2      | Noticed Robin
   756 | D:2      | Reached XP level 2. HP: 26/26 MP: 2/2
   769 | D:2      | HP: 1/39 [Robin/goblin (2)]
   770 | D:2      | Slain by a hobgoblin

Illustrated notes

Levels and vault maps discovered:
D:1:      heliophobic_arrival_glass_houses, layout_basic,
          shapermc_ecumenical_altar_petra, serial_shops,
          nicolae_shop_statue_plus
D:2:      layout_loops_ring, serial_shops, nicolae_shop_bloodbath_and_beyond,
          kennysheep_minor_cross, uniq_robin, uniq_crazy_yiuf_cottage

Action                     || total
---------------------------++-------
  Melee: Mace              ||    48
         Tailslap          ||     8
 Invoke: Berserk           ||     2
 Armour: Animal skin       ||    18
  Dodge: Dodged            ||    28

Table legend: (Time is in decaauts)
 A = Elapsed time spent in this place.
 B = Non-inter-level travel time spent in this place.
 C = Inter-level travel time spent in this place.
 D = Time resting spent in this place.
 E = Time spent auto-exploring this place.
 F = Levels seen in this place.
 G = Mean time per level.
                   A        B        C        D        E       F      G
               +--------+--------+--------+--------+--------+-----+--------+
         Total |    789 |    757 |     32 |      0 |    649 |   2 |  394.5 |
       Dungeon |    789 |    757 |     32 |      0 |    649 |   2 |  394.5 |
               +--------+--------+--------+--------+--------+-----+--------+

Top non-repeatable levels by time:
     D:1: 763 daAuts
     D:2: 25 daAuts
